cohdb
Replays
Latest Replays
All Replays
Popular Replays
Top Player Replays
Match Explorer
How It Works
Community
CoH3 Stats
Reddit
Sign in to upload your games and track your stats! →
Sign in with Steam
Match 42227818
Unlisted
Match 42227818
Overview
Messages
Build Orders
End
Construct Barracks
Selects Special Operations Battlegroup
Riflemen Squad
Riflemen Squad
Riflemen Squad
Grenade Package
Selects M29 Weasel with M1 Pack Howitzer
Air Support Center
Double Sortie
P-47 Dive Bomb
M29 Weasel with M1 Pack Howitzer
Construct Motor Pool
M24 Chaffee Light Tank
Construct Medical Station
P-47 Strafing Run
Grasshopper Recon Run
Selects P-47 Anti-Infantry Loiter
P-47 Dive Bomb
Selects P-47 Anti-Infantry Loiter
Engineer Squad
Grasshopper Recon Run
M24 Chaffee Light Tank
Selects P-47 Anti-Infantry Loiter
Selects M4A1 Sherman Whizbang
P-47 Strafing Run
M4A1 Sherman Whizbang
Selects Raiding Flares
P-47 Strafing Run
M4A1 Sherman Whizbang
Grasshopper Recon Run
M4A1 Sherman Whizbang
M1 Anti-tank Gun Team
M1 Anti-tank Gun Team
Engineer Squad
Engineer Squad
Selects SSF Commando Squad
Selects Air Re-supply Operation
M4A1 Sherman Whizbang
M4A1 Sherman Whizbang
伞兵一号☆MINAMI☆准备
浪里白嫖
SMRT
BANDofBROTHERS
[HAN]Diederick Kastner
宝多六花
宇杰
帝国の突撃隊
0
0
Comments
sign in to comment!
No comments posted yet!